 Dungeon Crawl Stone Soup version 0.23.1 (webtiles) character file.

Game seed: 15985215540040661579

1204 Borgoz the Sneak (level 8, -4/62 (63) HPs)
             Began as a Ghoul Enchanter on Mar 13, 2019.
             Was an Initiate of Ashenzari.
             Slain by an orc warrior
             ... wielding a +0 dire flail
              (10 damage)
             ... on level 6 of the Dungeon.
             The game lasted 00:14:29 (8619 turns).

Borgoz the Sneak (Ghoul Enchanter)                  Turns: 8619, Time: 00:14:30

HP:   -4/62 (63)    AC:  4    Str: 12    XL:     8   Next: 45%
MP:   7/11          EV: 13    Int: 15    God:    Ashenzari [......]
Gold: 216           SH:  0    Dex: 11    Spells: 7/13 levels left

rFire    . . .     SeeInvis .   a - +1 dagger
rCold    + . .     Gourm    .   (no shield)
rNeg     + + +     Faith    .   b - +0 robe
rPois    ∞         Spirit   .   e - +1 helmet
rElec    .         Reflect  .   (no cloak)
rCorr    .         Harm     .   (no gloves)
MR       +....                  (no boots)
Stlth    +++.......             (no amulet)
HPRegen  0.00/turn              j - +5 ring of intelligence
MPRegen  0.12/turn              l - ring of protection from magic

@: rotting, invisible
A: rotting body, claws 1, carnivore, cold resistance 1, negative energy
resistance 3, inhibited regeneration, torment resistance, unbreathing
a: Curse Item, Renounce Religion


You were on level 6 of the Dungeon.
You worshipped Ashenzari.
Ashenzari was noncommittal.
You were not hungry.

You visited 2 branches of the dungeon, and saw 7 of its levels.

You collected 216 gold pieces.

Inventory:

Hand Weapons
 a - a +1 dagger (weapon)
Missiles
 c - 5 exploding tomahawks (quivered)
 i - 36 poisoned needles
Armour
 b - a +0 robe (worn)
 e - a +1 helmet (worn)
 g - a +0 chain mail
Jewellery
 j - a +5 ring of intelligence (left claw)
 l - a ring of protection from magic (right claw)
Wands
 t - a wand of paralysis (12)
Scrolls
 f - 2 scrolls of remove curse
 k - 2 scrolls of teleportation
 m - a scroll of enchant weapon {unknown}
 q - a scroll of enchant armour
Potions
 h - a potion of brilliance
 n - 3 potions of curing
 o - a potion of magic
 u - a potion of degeneration {unknown}
Comestibles
 d - 9 rations


   Skills:
 + Level 3.4 Fighting
 * Level 4.2 Short Blades
 + Level 3.6 Armour
 + Level 3.5 Dodging
 + Level 5.0 Stealth
 + Level 3.2 Spellcasting
 + Level 3.6 Hexes


You had 7 spell levels left.
You knew the following spells:

 Your Spells              Type           Power        Failure   Level  Hunger
a - Corona                Hex            ##.....      4%          1    #......
b - Ensorcelled Hibernat  Hex/Ice        #.....       14%         2    ##.....
c - Confuse               Hex            ##......     13%         3    ###....

Your spell library contained the following spells:

 Spells                   Type           Power        Failure   Level  Hunger
 Tukima's Dance           Hex            ##......     13%         3    ###....
 Dazzling Spray           Conj/Hex       #.....       28%         3    ###....
 Metabolic Englaciation   Hex/Ice        #.........   95%         5    ######.
 Bolt of Cold             Conj/Ice       #.........   100%        6    #######
 Freezing Cloud           Conj/Ice/Air   #.........   100%        6    #######
 Ozocubu's Refrigeration  Ice            #.........   100%        6    #######
 Simulacrum               Ice/Necr       #.........   100%        6    #######
 Ice Form                 Ice/Tmut       Unusable     N/A         4    N/A

Dungeon Overview and Level Annotations

Branches:
Dungeon (6/15)             Temple (1/1) D:4

Altars:
Ashenzari
Cheibriados
Dithmenos
Elyvilon
Fedhas
Gozag
Hepliaklqana
Kikubaaqudgha
Nemelex Xobeh
Okawaru
Ru
Sif Muna
Trog
Uskayaw
Vehumet
Xom
Yredelemnul
The Shining One

Annotations:
D:2 1 runed translucent door, Crazy Yiuf
D:5 Pikel


Innate Abilities, Weirdness & Mutations

Your body is rotting away.
You thrive on raw meat.
You are immune to poison.
You have sharp fingernails.
You are carnivorous and can eat meat at any time.
Your flesh is cold resistant. (rC+)
You are immune to negative energy. (rN+++)
You do not regenerate when monsters are visible.
You are immune to unholy pain and torment.
You can survive without breathing.


Message History

Things that are here:
a +0 ring mail; an orc corpse
Casting: Ensorcelled Hibernation (safe; 14% risk of failure)
Confirm with . or Enter, or press ? or * to list all spells.
Aiming: Ensorcelled Hibernation (safe; 14% risk of failure)
Press: ? - help, Shift-Dir - straight line, f - orc warrior
Aim: an orc warrior, wielding a +0 dire flail and wearing a +0 plate armour (chance to defeat MR: 38%)
The orc warrior resists with some effort.
The orc warrior hits you with a +0 dire flail!!
Casting: Ensorcelled Hibernation (safe; 14% risk of failure)
Confirm with . or Enter, or press ? or * to list all spells.
Aiming: Ensorcelled Hibernation (safe; 14% risk of failure)
Press: ? - help, Shift-Dir - straight line, f/p - orc warrior
Aim: an orc warrior, wielding a +0 dire flail and wearing a +0 plate armour (chance to defeat MR: 38%)
The orc warrior resists with some effort.
The orc warrior hits you with a +0 dire flail!
* * * LOW HITPOINT WARNING * * *
You fade into invisibility!
The orc warrior hits you with a +0 dire flail!
You die...

##.....########
##...###
##.....##
#.......#####
#............#
..........###.#
.###.....## #.#
##...##
#.######.#
##.##
#(.)@oo..# #.
########## ..
##


You could see an orc warrior and an orc wizard.

Vanquished Creatures
  An ice beast (D:5)
  3 ogres
  A scorpion (D:6)
  A centaur zombie (D:5)
  3 orc priests
  A centaur skeleton (D:6)
  5 hounds
  A jelly (D:6)
  2 iguanas
  Ijyb (D:5)
  3 orc wizards
  5 worker ants
  A killer bee zombie (D:6)
  4 gnolls (D:4)
  A howler monkey skeleton (D:4)
  4 adders
  3 oozes (D:4)
  2 worms
  5 dart slugs
  4 leopard geckos
  12 orcs
  2 ball pythons
  9 bats
  5 giant cockroaches
  7 goblins
  5 hobgoblins
  4 kobolds
  A quokka (D:5)
  2 frilled lizards
  A leopard gecko skeleton (D:4)
  2 quokka skeletons
  9 rats
110 creatures vanquished.

Notes
Turn   | Place    | Note
-------+----------+-------------------------------------------
     0 | D:1      | Borgoz the Ghoul Enchanter began the quest for the Orb.
     0 | D:1      | Reached XP level 1. HP: 14/14 MP: 2/2
    63 | D:1      | Reached skill level 1 in Short Blades
   147 | D:1      | Reached XP level 2. HP: 17/20 MP: 3/3
   900 | D:1      | Reached XP level 3. HP: 27/27 MP: 3/5
  1274 | D:2      | HP: 1/27 [goblin/stone (2)]
  1851 | D:2      | Found a runed translucent door.
  1852 | D:2      | Noticed Crazy Yiuf
  2448 | D:1      | Learned a level 2 spell: Ensorcelled Hibernation
  2452 | D:1      | Learned a level 3 spell: Confuse
  2472 | D:2      | Reached skill level 1 in Armour
  2647 | D:2      | Reached skill level 1 in Fighting
  3094 | D:3      | Reached XP level 4. HP: 19/34 MP: 6/6
  3986 | D:3      | Found a shimmering altar of Xom.
  3988 | D:3      | Found a shimmering altar of Xom.
  3989 | D:3      | Found a shimmering altar of Xom.
  3991 | D:3      | Found a shimmering altar of Xom.
  3993 | D:3      | Found a shimmering altar of Xom.
  4266 | D:3      | Found a blossoming altar of Fedhas.
  4323 | D:3      | Reached XP level 5. HP: 35/39 MP: 0/7
  4838 | D:4      | Found a radiant altar of Vehumet.
  4841 | D:4      | Noticed an ogre
  4860 | D:4      | Killed an ogre
  4860 | D:4      | Reached XP level 6. HP: 5/48 MP: 3/8
  5198 | D:4      | Reached skill level 4 in Stealth
  5453 | D:4      | Found a staircase to the Ecumenical Temple.
  5465 | Temple   | Entered the Ecumenical Temple
  5647 | Temple   | Became a worshipper of Ashenzari the Shackled
  5827 | D:5      | Entered Level 5 of the Dungeon
  5827 | D:5      | Noticed Pikel
  5827 | D:5      | Noticed a slave
  5827 | D:5      | Noticed a slave
  5827 | D:5      | Noticed a slave
  6300 | D:5      | Reached XP level 7. HP: 55/55 MP: 6/9
  6531 | D:5      | Noticed Ijyb
  6556 | D:5      | Killed Ijyb
  7425 | D:5      | Reached XP level 8. HP: 62/62 MP: 4/11
  8385 | D:6      | Reached skill level 5 in Stealth
  8619 | D:6      | Slain by an orc warrior

Skill      XL: |  1  2  3  4  5  6  7  8 |
---------------+-------------------------+-----
Short Blades   | 1 2 3 4 |  4.2
Spellcasting   | 2 3 |  3.2
Dodging        | 2 3 |  3.5
Armour         | 1 2 3 |  3.6
Fighting       | 1 2 3 |  3.4
Stealth        | 4 5 |  5.0
Hexes          | 3 |  3.6

Action                   |  1- 3 |  4- 6 |  7- 9 || total
-------------------------+-------+-------+-------++-------
Melee: Dagger            |   202 |   146 |   214 ||   562
 Cast: Ensorcelled Hiber |     1 |    30 |    37 ||    68
       Confuse           |       |       |     6 ||     6
  Use: Scroll            |     5 |     3 |     1 ||     9
       Potion            |       |     1 |     2 ||     3
 Stab: Sleeping          |     7 |    16 |    19 ||    42
       Confused          |       |       |     2 ||     2
  Eat: Chunk             |     8 |    14 |    13 ||    35
Armor: Robe              |    45 |    34 |    41 ||   120
Dodge: Dodged            |   128 |   107 |   121 ||   356
